 Dungeon Crawl Stone Soup version 0.31-a0-263-ge8cad7f256 (webtiles) character file.

Game seed: 5308786616197840941

966 Iniera the Ducker (level 8, -4/50 HPs)
             Began as a Kobold Monk on July 14, 2023.
             Slain by a two-headed ogre
             ... wielding a +0 giant club
              (17 damage)
             ... on level 5 of the Dungeon.
             The game lasted 00:08:10 (6223 turns).

Iniera the Ducker (Kobold Monk)                     Turns: 6223, Time: 00:08:10

Health: -4/50      AC:  5    Str:  8    XL:     8   Next: 38%
Magic:  8/8        EV: 15    Int: 11    God:
Gold:   204        SH: 10    Dex: 20    Spells: 7/7 levels left

rFire   . . .        e - +0 rapier (drain)
rCold   . . .        n - +0 buckler
rNeg    . . .        f - +0 ring mail
rPois   .            (no helmet)
rElec   .            (no cloak)
rCorr   +            (no gloves)
SInv    .            (no boots)
Will    .....        h - amulet of reflection
Stlth   ++           i - ring of resist corrosion
HPRegen 0.28/turn    (no ring)
MPRegen 0.11/turn

%: reflection
@: no status effects
A: small, no large weapons, nightstalker 3
a: no special abilities


You were on level 5 of the Dungeon.
You visited 1 branch of the dungeon, and saw 6 of its levels.
You also visited: Sewer.

You collected 204 gold pieces.

Inventory:

Hand Weapons
 a - a +0 falchion
 e - a +0 rapier of draining (weapon)
Armour
 f - a +0 ring mail (worn)
 n - a +0 buckler (worn)
Jewellery
 h - an amulet of reflection (around neck)
 i - a ring of resist corrosion (left hand)
Scrolls
 c - 2 scrolls of teleportation
 d - a scroll of blinking
Potions
 b - a potion of might {unknown}
 g - a potion of mutation {unknown}
 j - a potion of lignification {unknown}
 k - a potion of berserk rage {unknown}
 l - a potion of haste {unknown}


   Skills:
 + Level 5.6 Fighting
 + Level 4.1 Long Blades
 - Level 2.0 Throwing
 + Level 7.1 Dodging
 * Level 3.3 Shields


You had 7 spell levels left.
You didn't know any spells.
Your spell library contained the following spells:

 Spells                   Type           Power      Damage    Failure   Level
 Apportation              Tloc           0%         N/A       86%         1
 Necrotise                Necr           0%         1d4       86%         1
 Summon Small Mammal      Summ           0%         N/A       86%         1
 Wereblood                Tmut           0%         N/A       95%         2
 Gell's Gravitas          Tloc           0%         N/A       99%         3
 Hailstorm                Conj/Ice       0%         3d3       99%         3
 Teleport Other           Tloc           0%         N/A       99%         3
 Summon Ice Beast         Ice/Summ       0%         N/A       100%        4
 Irradiate                Conj/Tmut      0%         3d11      100%        5
 Dispersal                Tloc           0%         N/A       100%        6
 Simulacrum               Ice/Necr       0%         N/A       100%        6


Dungeon Overview and Level Annotations

Branches:
Dungeon (6/15)              Sewer (visited)
 Temple: D:4-7

Altars:
Okawaru

Annotations:
D:6 Prince Ribbit


Innate Abilities, Weirdness & Mutations

You are small and have problems with some larger weapons.
You are completely attuned to the shadows.


Message History

An orc wizard comes into view. It is wielding a +0 dagger.
There is an open door here.
The two-headed ogre seems less drained.
There is a stone staircase leading up here.
You climb upwards.
There is a stone staircase leading down here.
You start resting.
HP restored.
Okay, then.
Okay, then.
Okay, then.
Okay, then.
You climb downwards.
You block the two-headed ogre's attack.
The two-headed ogre hits you with a +0 giant club!!
There is a stone staircase leading up here.
You hit the two-headed ogre but do no damage.
You drain the two-headed ogre.
The two-headed ogre is lightly wounded.
You hit the two-headed ogre. You drain the two-headed ogre.
The two-headed ogre is lightly wounded.
The two-headed ogre closely misses you. x2
You puncture the two-headed ogre! You drain the two-headed ogre.
The two-headed ogre is moderately wounded.
The two-headed ogre barely misses you. The two-headed ogre misses you.
You completely miss the two-headed ogre.
The two-headed ogre is moderately wounded.
You barely miss the two-headed ogre.
The two-headed ogre is moderately wounded.
The two-headed ogre closely misses you.
The two-headed ogre hits you with a +0 giant club!
You hit the two-headed ogre. You drain the two-headed ogre.
The two-headed ogre is heavily wounded.
The two-headed ogre hits you with a +0 giant club!
The two-headed ogre completely misses you.
You barely miss the two-headed ogre.
The two-headed ogre is heavily wounded.
The two-headed ogre hits you with a +0 giant club.
* * * LOW HITPOINT WARNING * * *
The two-headed ogre hits you with a +0 giant club!
You die...

#.# #####.##########
#..........†)..#####
#.....#######......#
#.....##....#......#
##
#.....##....#......#
#.
####........#......#
#.
#.###....#......###.
#O#@#...............
#.#O#^..##......###.
#...#..###......# #.
#####..# ##.#######.
#...#####.##.)).#.
#####..>.........)..#.
#.....#.####.######...
#.###.#.# #...#.....#
#...#.#.# ###.#.#####


You could see a two-headed ogre (drained).

Vanquished Creatures
  Eustachio (D:5)
  2 ogres
  Blork the orc (D:4)
  2 bullfrogs
  A scorpion (D:5)
  An orc priest (D:5)
  3 iguanas (D:5)
  An orc wizard (D:4)
  11 adders
  A river rat (D:5)
  An ufetubus (D:4)
  3 dart slugs
  A worm (D:5)
  18 orcs
  5 bats
  12 endoplasms
  12 giant cockroaches (Sewer)
  5 hobgoblins
  4 jackals (D:3)
  10 quokkas
  17 ball pythons
  12 frilled lizards
  5 goblins
  4 kobolds
  12 rats
145 creatures vanquished.

Notes
Turn   | Place    | Note
-------+----------+-------------------------------------------
     0 | D:1      | Iniera the Kobold Monk began the quest for the Orb.
     0 | D:1      | Reached XP level 1. HP: 14/14 MP: 1/1
   232 | D:1      | Reached XP level 2. HP: 19/19 MP: 2/2
   244 | D:1      | Reached skill level 4 in Dodging
   865 | D:1      | Reached XP level 3. HP: 21/23 MP: 3/3
  1874 | D:2      | Reached XP level 4. HP: 26/29 MP: 4/4
  2373 | D:3      | Found an iron altar of Okawaru.
  2420 | D:3      | Reached skill level 5 in Dodging
  2634 | D:3      | Noticed a bullfrog
  2651 | D:3      | Killed a bullfrog
  2652 | D:3      | Reached skill level 1 in Throwing
  2652 | D:3      | Reached XP level 5. HP: 33/33 MP: 5/5
  2979 | D:4      | Noticed an ogre
  2990 | D:4      | Killed an ogre
  2991 | D:4      | Reached skill level 6 in Dodging
  2991 | D:4      | Reached XP level 6. HP: 39/39 MP: 6/6
  3593 | D:4      | Identified the amulet of Hatib {Acrobat Harm Rampage rCorr
                  | Str-5}
  3660 | D:4      | Noticed Blork the orc
  3698 | D:4      | Killed Blork the orc
  3699 | D:4      | Reached skill level 1 in Shields
  3699 | D:4      | Reached XP level 7. HP: 10/44 MP: 7/7
  4142 | D:5      | Entered Level 5 of the Dungeon
  4334 | D:5      | Found a glowing drain.
  4340 | Sewer    | Entered a sewer
  5131 | Sewer    | Reached skill level 5 in Fighting
  5309 | D:5      | Noticed Prince Ribbit
  5429 | D:5      | Reached XP level 8. HP: 41/49 MP: 8/8
  5503 | D:5      | Noticed Eustachio
  5582 | D:5      | Killed Eustachio
  5583 | D:5      | Reached skill level 7 in Dodging
  6076 | D:5      | Noticed a two-headed ogre
  6223 | D:5      | Slain by a two-headed ogre

Illustrated notes

Levels and vault maps discovered:
D:1:      heliophobic_arrival_enchanted_forest, layout_basic
D:2:      minmay_alternating_diamond, layout_basic
D:3:      layout_rooms, old_standard_altar
D:4:      layout_basic, minmay_misc_feat_hallway,
          chequers_serial_rivers_micro_a, uniq_blork_the_orc
D:5:      layout_basic, portal_sewer_entry_b, uniq_eustachio,
          uniq_prince_ribbit1
D:6:      cheibrodos_two_vegetables, layout_layer_cave, grunt_gozag_statues,
          mainiacjoe_overflow_alcove_3, minmay_temple_entry_large_hall,
          minmay_bent

Skill      XL: |  1  2  3  4  5  6  7  8 |
---------------+-------------------------+-----
Dodging        | 4 5 6 7 |  7.1
Fighting       | 4 5 |  5.6
Long Blades    | 3 4 |  4.1
Throwing       | 1 2 |  2.0
Shields        | 1 2 3 |  3.3

Action                     |  1- 3 |  4- 6 |  7- 9 || total
---------------------------+-------+-------+-------++-------
  Melee: Falchion          |    13 |       |   305 ||   318
         Dagger            |    79 |   193 |    17 ||   289
         Rapier            |       |       |    62 ||    62
  Throw: Dart              |       |     6 |     3 ||     9
  Evoke: Wand              |       |       |    13 ||    13
    Use: Scroll            |     4 |     2 |       ||     6
         Potion            |       |     5 |     1 ||     6
   Stab: Sleeping          |     1 |     1 |     4 ||     6
 Armour: Ring mail         |    22 |    29 |   111 ||   162
         Robe              |     1 |       |       ||     1
  Dodge: Dodged            |    27 |    85 |   396 ||   508
  Block: Buckler           |       |     9 |   197 ||   206

Table legend: (Time is in decaauts)
 A = Elapsed time spent in this place.
 B = Non-inter-level travel time spent in this place.
 C = Inter-level travel time spent in this place.
 D = Time resting spent in this place.
 E = Time spent auto-exploring this place.
 F = Levels seen in this place.
 G = Mean time per level.
                   A        B        C        D        E       F      G
               +--------+--------+--------+--------+--------+-----+--------+
         Total |   6235 |   5974 |    261 |    461 |   4271 |   7 |  890.7 |
       Dungeon |   5210 |   4949 |    261 |    143 |   3915 |   6 |  868.3 |
         Sewer |   1024 |   1024 |      0 |    318 |    355 |   1 | 1024.0 |
               +--------+--------+--------+--------+--------+-----+--------+

Top non-repeatable levels by time:
     D:2: 1236 daAuts
     D:4: 1189 daAuts
     D:5: 1103 daAuts
     D:1: 1078 daAuts
   Sewer: 1024 daAuts
     D:3: 595 daAuts
     D:6: 7 daAuts
